 Dungeon Crawl Stone Soup version 0.9-b1-128-g13703e4 character file.

342 vogonpoet the Soul Tainter (level 5, -1/42 HPs)
             Began as a Mountain Dwarf Death Knight on Aug 10, 2011.
             Was a Priest of Yredelemnul.
             Killed from afar by Blork the orc (9 damage)
             ... with a magic dart
             ... on Level 3 of the Dungeon.
             The game lasted 00:11:52 (2524 turns).

vogonpoet the Soul Tainter (MDDK)                   Turns: 2524, Time: 00:11:53

HP  -1/42        AC  6     Str 17      XL: 5   Next: 73%
MP   9/9         EV  9     Int 10      God: Yredelemnul [***...]
Gold 129         SH  0     Dex 11      Spells:  0 memorised,  4 levels left

Res.Fire  : . . .   See Invis. : .   a - +1 dwarf hand axe
Res.Cold  : . . .   Warding    : . . l - +1 dwarf ring mail
Life Prot.: . . .   Conserve   : .   (no shield)
Res.Acid. : . . .   Res.Corr.  : .   (no helmet)
Res.Poison: .       Clarity    : .   (no cloak)
Res.Elec. : .       Spirit.Shd : .   (no gloves)
Sust.Abil.: . .     Stasis     : .   (no boots)
Res.Mut.  : .       Ctrl.Telep.: .   (no amulet)
Res.Rott. : .       Levitation : .   (no ring)
Saprovore : . . .   Ctrl.Flight: .   (no ring)

@: slightly resistant to hostile enchantments, extremely unstealthy
A: no striking features
a: Animate Dead, Recall Undead Slaves, Injury Mirror, Renounce Religion


You were on level 3 of the Dungeon.
You worshipped Yredelemnul.
Yredelemnul was greatly pleased with you.
You were hungry.

You visited 1 branch of the dungeon, and saw 4 of its levels.

You collected 109 gold pieces.

Inventory:

Hand weapons
 a - a +1,+1 dwarven hand axe (weapon)
 m - a +0,+0 sling
 q - a +0,+0 sling
 x - a +1,+1 sabre
 C - a -1,+1 orcish dagger (quivered)
 D - a +1,+1 sling
Missiles
 e - 48 +0 sling bullets
 o - 46 poisoned +0 needles
 F - 5 curare-tipped +0 needles
Armour
 b - a +0 leather armour
 l - a +1 dwarven ring mail (worn)
Comestibles
 c - 4 bread rations
 g - a rotting chunk of worm flesh
 s - a banana
 t - 2 meat rations
 G - a pear
Scrolls
 d - 3 scrolls of fear {unknown}
 f - a scroll of enchant weapon I {unknown}
 i - 3 scrolls of detect curse {unknown}
 p - a scroll of blinking {unknown}
 r - a scroll of teleportation {unknown}
 E - a scroll of recharging {unknown}
Jewellery
 v - a +2 ring of protection {unknown}
Potions
 h - a potion of restore abilities {unknown}
 j - a potion of heal wounds {unknown}
 k - a potion of healing {unknown}
 u - 2 potions of magic {unknown}
 z - a potion of mutation {unknown}
 A - a potion of might {unknown}
 B - 2 potions of agility {unknown}


   Skills:
 + Level 3 Fighting
 + Level 4 Axes
 - Level 1 Throwing
 + Level 4 Armour
 + Level 1 Dodging
 + Level 5 Invocations


You had 4 spell levels left.
You didn't know any spells.

Dungeon Overview and Level Annotations

Branches:
Dungeon (4/27)
 Temple: D:4-7

Altars:
The Shining One
Yredelemnul


Message History

Your orc zombie hits Blork the orc but does no damage.
Your snake zombie bites Blork the orc.
You barely miss Blork the orc. Blork the orc barely misses you.
Your orc zombie hits Blork the orc but does no damage.
Your snake zombie bites Blork the orc.
You hit Blork the orc.
Blork the orc is almost dead.
Blork the orc gestures at you while chanting.
The puff of frost hits you! Blork the orc casts a spell at you.
The puff of frost hits you!
* * * LOW HITPOINT WARNING * * *
Your orc zombie hits Blork the orc but does no damage.
Your snake zombie misses Blork the orc.
Your snake zombie barely misses Blork the orc.
You barely miss Blork the orc.
Blork the orc points at you and mumbles some strange words.
The magic dart hits you!
You die...
Your body rises from the dead as a mindless zombie.

#...............
##.############.
#_### ## #...#
###.## #..# ##.##
#######..#########
#@o)........##....
#zzz..............
#...........##....
#...........##....
#...........##....
##############....
#####


You could see Blork the orc, a friendly snake zombie and friendly 2 orc zombies.

Vanquished Creatures
  Sigmund (D:3)
  An orc priest (D:3)
  5 snakes (D:3)
  A worm (D:3)
  An ooze (D:2)
  2 orcs (D:3)
  5 bats
  10 goblins
  5 hobgoblins
  3 kobolds
  A quokka (D:3)
  8 giant cockroaches
  4 giant newts
  9 rats
  A small snake (D:1)
57 creatures vanquished.

Vanquished Creatures (collateral kills)
  A scorpion (D:3)
  A worm (D:3)
  An ooze (D:2)
  An orc (D:3)
  A giant cockroach (D:1)
  A hobgoblin (D:2)
  A bat (D:3)
  2 goblins
  A rat (D:1)
10 creatures vanquished.

Vanquished Creatures (others)
  A snake zombie (D:3)
  A bat skeleton (D:3)
  A bat zombie (D:1)
  2 giant cockroach zombies (D:3)
  2 goblin zombies
  An orc zombie (D:3)
  A quokka zombie (D:3)
  3 rat zombies
12 creatures vanquished.

Grand Total: 79 creatures vanquished

Notes
Turn   | Place    | Note
--------------------------------------------------------------
     0 | D:1      | vogonpoet, the Mountain Dwarf Death Knight, began the quest for the Orb.
     0 | D:1      | Reached XP level 1. HP: 17/17 MP: 2/2
   255 | D:1      | Reached XP level 2. HP: 19/24 MP: 4/4
   352 | D:1      | Reached skill level 4 in Invocations
   369 | D:1      | Reached skill level 1 in Dodging
   403 | D:1      | Acquired Yredelemnul's second power
   996 | D:2      | Reached XP level 3. HP: 30/30 MP: 6/6
  1970 | D:3      | Reached XP level 4. HP: 32/37 MP: 6/6
  2022 | D:3      | Found a basalt altar of Yredelemnul.
  2088 | D:3      | Reached skill level 1 in Throwing
  2124 | D:3      | Reached skill level 5 in Invocations
  2137 | D:3      | Reached XP level 5. HP: 35/42 MP: 9/9
  2181 | D:3      | Acquired Yredelemnul's third power
  2407 | D:4      | Noticed Sigmund
  2446 | D:3      | Defeated Sigmund
  2474 | D:4      | Found a glowing golden altar of the Shining One.
  2487 | D:4      | Noticed Blork the orc
  2524 | D:3      | Killed from afar by Blork the orc
